 Dungeon Crawl Stone Soup version 0.31-a0-640-g39d97e502b (webtiles) character file.

Game seed: 3914699290389651443

21 senseless the Changeling (level 2, -4/18 HPs)
             Began as an Octopode Shapeshifter on Aug 28, 2023.
             Slain by a gnoll
             ... wielding a +0 spear
              (5 damage)
             ... on level 2 of the Dungeon.
             The game lasted 00:00:53 (924 turns).

senseless the Changeling (Octopode Shapeshifter)     Turns: 924, Time: 00:00:54

Health: -4/18      AC:  1    Str: 13    XL:     2   Next: 83%
Magic:  2/2        EV: 13    Int: 12    God:
Gold:   68         SH:  0    Dex: 11    Spells: 1/1 levels left

rFire   . .          .
                       - Unarmed
rCold   . . .        (no shield)
rNeg    . . .        (helmet currently unavailable)
rPois   .            (no amulet)
rElec   .            (no ring)
rCorr   .            (no ring)
SInv    .            (no ring)
Will    .....        (no ring)
Stlth   ++           (no ring)
HPRegen 0.23/turn    (no ring)
MPRegen 0.08/turn    (no ring)
                     (no ring)

%: no passive effects
@: beast-form
A: beast (slay +1), almost no armour, amphibious, 8 rings, camouflage 1,
gelatinous body 1, (nimble swimmer 1), tentacles
a: Begin Untransformation


You were on level 2 of the Dungeon.
You were a hulking beast.
You visited 1 branch of the dungeon, and saw 2 of its levels.

You collected 68 gold pieces.

Inventory:

Missiles
 g - 4 poisoned darts
Talismans
 b - a beast talisman (active)
 c - a flux talisman
Scrolls
 d - 2 scrolls of identify {unknown}
 f - a scroll of blinking {unknown}
Potions
 a - a potion of lignification
 e - a potion of enlightenment {unknown}


   Skills:
 + Level 1.4 Fighting
 + Level 2.2 Dodging
 + Level 3.2 Unarmed Combat
 * Level 3.3 Shapeshifting


You had one spell level left.
You didn't know any spells.
Your spell library was empty.

Dungeon Overview and Level Annotations

Branches:
Dungeon (2/15)

Altars:


Innate Abilities, Weirdness & Mutations

You are a hulking beast.
Your limbs bulge with bestial killing power. (Slay +1)
You cannot wear most types of armour.
You are amphibious.
You can wear up to eight rings at the same time.
Your skin changes colour to match your surroundings (Stealth+).
Your rubbery body absorbs attacks. (AC +1, EV +1)
((You are camouflaged when in or above water. (Stealth+)))
You have tentacles for arms and can constrict up to eight enemies at once.


Message History

There is a stone staircase leading up here.
No target in view!
There is a stone staircase leading down here.
You now have 33 gold pieces (gained 12).
You now have 50 gold pieces (gained 17).
d - 2 scrolls labelled TAUHORIFOECS (gained 1)
Found a stone staircase leading down.
There is a stone staircase leading down here.
Found 4 poisoned darts.
A giant cockroach comes into view.
g - 4 poisoned darts You now have 58 gold pieces (gained 8).
Found a leather armour and 6 stones.
You see here a +0 leather armour.
You see here 6 stones.
You now have 68 gold pieces (gained 10).
Found a scroll labelled NUSHAU IQAMULADEI.
The giant cockroach bites you.
You tentacle-slap the giant cockroach but do no damage.
Your grab misses the giant cockroach. The giant cockroach barely misses you.
You tentacle-slap the giant cockroach.
You kill the giant cockroach!
No target in view!
HP restored.
A gnoll and a bat come into view.
Found a stone staircase leading up.
A gnoll comes into view. It is wielding a +0 spear.
A gnoll comes into view. It is wielding a +0 flail.
Found a spear.
The gnoll hits you with a +0 spear!
You tentacle-slap the gnoll. You grab the gnoll. You squeeze the gnoll.
The gnoll is severely wounded.
You constrict the gnoll. The gnoll hits you with a +0 spear.
You are too injured to fight recklessly!
You are too injured to fight recklessly!
You tentacle-slap the gnoll.
You kill the gnoll!
The gnoll hits you from afar with a +0 spear.
* * * LOW HITPOINT WARNING * * *
Found 3 poisoned darts.
The gnoll hits you with a +0 spear.
You die...

#...##.# ##(###.#
)# #[# #.# .# #.#
#.# #.##### #.#
#.# ##.......
####.# #.#
##......g #....#
#.# ##.....####
#.####
#.####...g.<...(
#.#
###.##....h.......
#.#
#............b..##
#.#
#.####†#......#.#
#.# #. #.#.#?...#
#.# #.# #.#.##.#.#
#.# #.# #.#.# ##.#
#.# #.# #.#.# #
#.# #.# #...# #.#
#.# ##..#


You could see a gnoll and a bat (asleep).

Vanquished Creatures
  A gnoll (D:2)
  An endoplasm (D:1)
  A giant cockroach (D:2)
  A goblin (D:1)
  3 hobgoblins (D:1)
  2 ball pythons (D:1)
  A bat (D:1)
10 creatures vanquished.

Notes
Turn   | Place    | Note
-------+----------+-------------------------------------------
     0 | D:1      | senseless the Octopode Shapeshifter began the quest for the
                  | Orb.
     0 | D:1      | Reached XP level 1. HP: 13/13 MP: 1/1
   123 | D:1      | Reached XP level 2. HP: 18/18 MP: 2/2
   924 | D:2      | Slain by a gnoll

Illustrated notes

Levels and vault maps discovered:
D:1:      mrwooster_arrival_statue_2, layout_loops_corners
D:2:      layout_loops_ring

Action                     || total
---------------------------++-------
  Melee: Unarmed           ||    18
         Constrict         ||     5
         Tentacles         ||     4
         Punch             ||     1
   Stab: Sleeping          ||     2
 Armour: Skin              ||     1
  Dodge: Dodged            ||    10

Table legend: (Time is in decaauts)
 A = Elapsed time spent in this place.
 B = Non-inter-level travel time spent in this place.
 C = Inter-level travel time spent in this place.
 D = Time resting spent in this place.
 E = Time spent auto-exploring this place.
 F = Levels seen in this place.
 G = Mean time per level.
                   A        B        C        D        E       F      G
               +--------+--------+--------+--------+--------+-----+--------+
         Total |    923 |    874 |     49 |      0 |    797 |   2 |  461.5 |
       Dungeon |    923 |    874 |     49 |      0 |    797 |   2 |  461.5 |
               +--------+--------+--------+--------+--------+-----+--------+

Top non-repeatable levels by time:
     D:1: 797 daAuts
     D:2: 125 daAuts
